 Dungeon Crawl Stone Soup version 0.19.3 (webtiles) character file.

70 sveltemanboy the Conjurer (level 4, 0/24 HPs)
             Began as a Tengu Conjurer on Jan 22, 2017.
             Slain by Grinder (2 damage)
             ... on level 3 of the Dungeon.
             The game lasted 00:05:13 (2567 turns).

sveltemanboy the Conjurer (Tengu Conjurer)          Turns: 2567, Time: 00:05:13

Health: 0/24       AC:  4    Str:  8    XL:     4   Next: 21%
Magic:  0/9        EV: 15    Int: 17    God:
Gold:   89         SH:  0    Dex: 14    Spells: 2 memorised, 5 levels left

rFire  . . .     SeeInvis .     (no weapon)
rCold  . . .     Gourm    .     p - +2 robe {MR+}
rNeg   . . .     Faith    .     (no shield)
rPois  .         Spirit   .     (helmet restricted)
rElec  .         Reflect  .     (no cloak)
rCorr  .         Harm     .     (no gloves)
MR     +....                    (boots unavailable)
Stlth  ++........               h - amulet of regeneration
                                (no ring)
                                (no ring)

@: flying quickly and evasively, quick
A: beak, talons 3
a: no special abilities


You were on level 3 of the Dungeon.
You were not hungry.

You visited 1 branch of the dungeon, and saw 3 of its levels.

You collected 89 gold pieces.

Inventory:

Missiles
 m - a throwing net (quivered)
Armour
 p - a +2 robe of magic resistance (worn)
Jewellery
 h - an amulet of regeneration (around neck)
Scrolls
 g - a scroll of recharging
 i - 2 scrolls of remove curse
 n - 2 scrolls of amnesia {unknown}
Potions
 o - a potion of curing
Books
 b - a book of Conjurations

   Spells                             Type                      Level
   a - Magic Dart                     Conjuration                  1
   b - Searing Ray                    Conjuration                  2
   c - Dazzling Spray                 Conjuration/Hexes            3
   d - Fulminant Prism                Conjuration/Hexes            4
   e - Iskenderun's Mystic Blast      Conjuration                  4
   f - Iskenderun's Battlesphere      Conjuration/Charms           5
Comestibles
 a - a slice of pizza
 c - 2 bread rations
 k - a meat ration
 l - 2 beef jerkies


   Skills:
 - Level 2.1 Dodging
 - Level 2.0 Stealth
 + Level 2.8 Spellcasting
 * Level 6.8 Conjurations


You had 5 spell levels left.
You knew the following spells:

 Your Spells              Type           Power        Failure   Level  Hunger
a - Magic Dart            Conj           ####         1%          1    #......
b - Searing Ray           Conj           ####..       1%          2    ##.....


Dungeon Overview and Level Annotations

Branches:
Dungeon (3/15)

Altars:

Annotations:
D:3 Grinder


Innate Abilities, Weirdness & Mutations

You have a beak for a mouth.
You have claws for feet.


Message History

Pain shoots through your body!
* * * LOW HITPOINT WARNING * * *
It was a potion of curing.
You feel better. Grinder misses you.
It was a potion of heal wounds.
You feel much better. Grinder closely misses you.
It was a potion of flight.
You feel very buoyant.
You swoop lightly up into the air.
Grinder hits you.
You writhe in agony.
It was a potion of cure mutation.
It has a very clean taste.
Grinder gestures at you. Pain shoots through your body!
You hit Grinder but do no damage.
Grinder is almost dead.
Grinder misses you.
You hit Grinder but do no damage. You peck Grinder, but do no damage.
Grinder is almost dead.
Grinder hits you!
* * * LOW HITPOINT WARNING * * *
You writhe in agony.
You die...

.. ### #....... ... #.#
######....... .#.
#.#####............ ...
#..##...####....... ...
########.....### #.......
$..#####.........#.#############.
.........#######.#......#### #.
..######## #5######....# #. . #@#
####.# #. #.# #.# ## #.# #.# #
#.# #.### # #.# #...# # ..# ###.#
# ... #.# # ... #.# # #.# #


You could see Grinder.

Vanquished Creatures
  A gnoll (D:2)
  2 adders
  A worm (D:2)
  A dart slug (D:2)
  An orc (D:3)
  A ball python (D:2)
  3 giant cockroaches (D:1)
  3 goblins (D:2)
  4 hobgoblins
  8 bats
  3 frilled lizards
  7 kobolds
  5 rats
40 creatures vanquished.

Notes
Turn   | Place    | Note
-------+----------+-------------------------------------------
     0 | D:1      | sveltemanboy the Tengu Conjurer began the quest for the Orb.
     0 | D:1      | Reached XP level 1. HP: 10/10 MP: 4/4
   271 | D:1      | Reached XP level 2. HP: 15/15 MP: 1/6
   414 | D:1      | Learned a level 2 spell: Searing Ray
   905 | D:1      | Reached skill level 6 in Conjurations
  1057 | D:2      | Reached XP level 3. HP: 19/19 MP: 5/7
  2296 | D:2      | Reached XP level 4. HP: 24/24 MP: 4/9
  2530 | D:3      | Noticed Grinder
  2567 | D:3      | Slain by Grinder

Skill      XL: |  1  2 |
---------------+-------+-----
Conjurations   | 6 |  6.8
Dodging        | |  2.1
Stealth        | |  2.0
Spellcasting   | |  2.8

Action                   |  1- 3 |  4- 6 || total
-------------------------+-------+-------++-------
Melee: Unarmed           |     3 |     2 ||     5
       Kick              |     1 |       ||     1
       Peck              |       |     1 ||     1
 Cast: Magic Dart        |    67 |    10 ||    77
       Searing Ray       |     7 |     2 ||     9
  Use: Scroll            |     5 |       ||     5
       Potion            |       |     4 ||     4
  Eat: Chunk             |     5 |     1 ||     6
Armor: Robe              |     3 |     1 ||     4
Dodge: Dodged            |    11 |     4 ||    15
